Map: Triton LE

Players

Mez

  • Race: Terran Terran
  • League: Master
  • Spawn Location: 5:00

A.I. 1 (Very Easy) - Winner!

  • Race: Protoss Protoss
  • Spawn Location: 11:00

VOD

Have the link to the VOD?

Description

Time

  • Played on: Sept. 9, 2019, 9:18 a.m.
  • Length: 3:55
Show
View Real Time Build Order
Export as new Build Order

Mez Terran 

Build Orders: Reaper Expand 

Get SALT Encoding   

  12  0:01  SCV  
  13  0:13  SCV  
  14  0:17  Supply Depot  
  14  0:25  SCV  
  15  0:39  SCV  
  15  0:41  Barracks  
  16  0:45  Refinery  
  16  0:51  SCV  
  17  1:03  SCV  
  18  1:15  SCV  
  19  1:29  Orbital Command, Reaper  
  20  1:40  Command Center  
  20  1:54  Bunker  
  20  1:55  Supply Depot  
  20  2:00  SCV  
  21  2:03  Marine  
  22  2:12  Factory  
  23  2:15  SCV  
  23  2:22  Refinery  
  23  2:23  Barracks Reactor  
  23  2:28  SCV  
  24  2:40  SCV  
  25  2:52  SCV  
  25  2:53  Orbital Command  
  25  2:58  Starport  
  26  2:59  Widow Mine  
  26  3:00  Marine x2  
  26  3:04  SCV  
  31  3:16  SCV  
  32  3:20  Widow Mine, Marine x2  
  32  3:24  SCV  
  37  3:28  SCV  
  38  3:36  SCV  
  38  3:40  SCV  
  42  3:42  Barracks  
  44  3:49  Factory Tech Lab  
  44  3:52  Supply Depot  
Show
View Real Time Build Order
Export as new Build Order

A.I. 1 (Very Easy) Protoss - Winner!

Build Orders:  

Get SALT Encoding   

  12  0:00  Probe  
  13  0:13  Probe  
  14  0:20  Pylon  
  14  0:36  Assimilator  
  14  0:42  Gateway  
  14  0:46  Pylon  
  14  1:15  Assimilator  
  14  1:23  Probe, Zealot  
  14  1:30  Cybernetics Core  
  14  1:31  Probe  
  18  1:41  Probe  
  19  1:53  Probe  
  20  2:02  Probe  
  20  2:06  Warp Gate  
  21  2:10  Probe  
  22  2:37  Probe  
  22  2:42  Stalker  
  23  2:49  Probe  
Tags
 
League
Master
Matchup
PvT
Replay Pack
Spawningtool_Mez
Spawn Locations
Cross Positions
Add a new tag
Caveats
  • Supply blocks, unpowered buildings, or Contaminate may cause inaccurate times.
  • Supply counts are checked every 10 seconds.